 Dungeon Crawl Stone Soup version 0.31.0-1-g2c135a0 (webtiles) character file.

Game seed: 1434408087328126120

61 edsrzf the Slasher (level 4, -2/29 HPs)
             Began as an Octopode Reaver on Feb 1, 2024.
             Slain by a kobold
             ... wielding a +0 club
              (3 damage)
             ... on level 2 of the Dungeon.
             The game lasted 00:03:02 (809 turns).

edsrzf the Slasher (Octopode Reaver)                 Turns: 809, Time: 00:03:03

Health: -2/29      AC:  1    Str: 11    XL:     4   Next: 7%
Magic:  7/7        EV: 14    Int: 17    God:
Gold:   92         SH:  0    Dex: 16    Spells: 6/7 levels left

rFire   . . .        a - +0 falchion
rCold   . . .        (no shield)
rNeg    . . .        (helmet restricted)
rPois   .            (no amulet)
rElec   .            b - +6 ring of dexterity
rCorr   .            (no ring)
SInv    .            (no ring)
Will    .....        (no ring)
Stlth   +++          (no ring)
HPRegen 0.24/turn    (no ring)
MPRegen 0.10/turn    (no ring)
                     (no ring)

%: no passive effects
@: brilliant
A: almost no armour, amphibious, 8 rings, camouflage 1, gelatinous body 1,
(nimble swimmer 1), tentacles
a: no special abilities


You were on level 2 of the Dungeon.
You visited 1 branch of the dungeon, and saw 2 of its levels.

You collected 92 gold pieces.

Inventory:

Hand Weapons
 a - a +0 falchion (weapon)
Missiles
 e - 6 poisoned darts
Jewellery
 b - a +6 ring of dexterity (left tentacle)
Scrolls
 c - 2 scrolls of identify {unknown}
 f - a scroll of enchant weapon {unknown}


   Skills:
 - Level 2.0 Fighting
 + Level 4.0 Long Blades
 + Level 3.2 Dodging
 - Level 0.2 Stealth
 - Level 2.0 Spellcasting
 - Level 3.0 Conjurations


You had 6 spell levels left.
You knew the following spells:

 Your Spells              Type           Power      Damage    Failure   Level
a - Kiss of Death         Conj/Necr      40%        2d8       11%         1

Your spell library contained the following spells:

 Spells                   Type           Power      Damage    Failure   Level
 Momentum Strike          Conj/Tloc      20%        3d8       16%         2
 Slow                     Hex            8%         N/A       19%         1
 Hailstorm                Conj/Ice       10%        3d6       30%         3
 Confusing Touch          Hex            2%         N/A       50%         3
 Sigil of Binding         Hex            2%         N/A       50%         3
 Vampiric Draining        Necr           2%         2d6       50%         3


Dungeon Overview and Level Annotations

Branches:
Dungeon (2/15)

Altars:

Annotations:
D:2 Natasha


Innate Abilities, Weirdness & Mutations

You cannot wear most types of armour.
You are amphibious.
You can wear up to eight rings at the same time.
Your skin changes colour to match your surroundings (Stealth+).
Your rubbery body absorbs attacks. (AC +1, EV +1)
((You are camouflaged when in or above water. (Stealth+)))
You have tentacles for arms and can constrict up to eight enemies at once.


Message History

A giant cockroach comes into view.
You see here 17 gold pieces.
You now have 92 gold pieces (gained 17).
A kobold comes into view. It is wielding a +0 short sword.
The helpless kobold fails to defend itself.
You hit the kobold. You grab the kobold.
The kobold is moderately wounded.
You constrict the kobold.
The endoplasm quivers.
The kobold barely misses you.
You hit the kobold but do no damage. You squeeze the kobold.
You kill the kobold!
The quokka misses you.
You closely miss the quokka. You grab the quokka. You constrict the quokka.
The quokka bites you.
You hit the quokka.
You kill the quokka!
The endoplasm barely misses you.
You barely miss the endoplasm. Your squeeze misses the endoplasm.
The endoplasm freezes you.
You are frozen.
You slash the endoplasm!
You kill the endoplasm!
You hit the ribbon worm. You grab the ribbon worm.
The ribbon worm is moderately wounded.
You constrict the ribbon worm. The ribbon worm bites you.
You slash the ribbon worm!
The ribbon worm is almost dead.
You constrict the ribbon worm, but do no damage.
The ribbon worm bites you.
You hit the ribbon worm.
You kill the ribbon worm!
The giant cockroach completely misses you.
You hit the giant cockroach but do no damage.
You grab the giant cockroach.
You squeeze the giant cockroach, but do no damage.
You constrict the giant cockroach. The giant cockroach barely misses you.
You hit the giant cockroach.
You kill the giant cockroach!
You have reached level 4!
You start resting.
An endoplasm comes into view.
You see here a giant cockroach corpse.
Found 5 gold pieces.
The endoplasm quivers.
The endoplasm closely misses you.
You barely miss the endoplasm. Your squeeze misses the endoplasm.
The endoplasm hits you.
You hit the endoplasm.
You kill the endoplasm!
You start resting.
HP restored.
An orc comes into view.
It is wielding a +0 hand axe of electrocution. 4 orcs come into view.
The orc shouts! x2; You hear an angry hiss.
Natasha, Servant of Life and Death comes into view.
Natasha casts a spell.
You hear a shout!
A kobold comes into view. It is wielding a +0 club.
The kobold shouts!
The cerulean imp hits you from afar with a +1 spear.
The cerulean imp closely misses you.
You hit the orc. Your grab misses the orc. Your squeeze misses the orc.
The orc is almost dead.
The cerulean imp hits you with a +1 spear.
The orc closely misses you.
You closely miss the orc. You grab the orc.
The orc is almost dead.
You constrict the orc, but do no damage.
Natasha claws you!
The cerulean imp hits you with a +1 spear.
The orc hits you with a +0 dagger. Natasha closely misses you.
You closely miss Natasha. Your grab misses Natasha. You constrict the orc.
You kill the orc!
The cerulean imp hits you with a +1 spear.
The orc misses you.
The kobold throws a stone.
The stone misses you.
The stone hits the orc.
Natasha barely misses you.
Your Long Blades skill increases to level 4!
You hit Natasha but do no damage. Your grab misses Natasha.
Your squeeze misses Natasha.
The cerulean imp hits you with a +1 spear.
* * * LOW HITPOINT WARNING * * *
The orc closely misses you.
Natasha casts a spell.
Unknown command.
The cerulean imp closely misses you. The orc attacks as it pursues you!
The orc hits you with a +0 hand axe of electrocution.
* * * LOW HITPOINT WARNING * * *
Natasha casts a spell.
It was a potion of brilliance.
You feel clever all of a sudden. The cerulean imp closely misses you.
The orc misses you. The kobold misses you.
You miss the kobold. You grab the kobold. You constrict the kobold.
The cerulean imp hits you from afar with a +1 spear.
* * * LOW HITPOINT WARNING * * *
The cerulean imp barely misses you. The orc closely misses you.
Natasha howls an incantation.
Natasha's front paws start to glow.
The kobold hits you with a +0 club.
You die...

...#.†........###........
......................
......................
###............#....#
...............#....#.
...............#......
.....##.......h5##
.............o5oK##
..$o...........#@.#
o.#.#..........##..#
....###........# .....
.... #........# .......
h.. #........# .......
.... ........# .......
....... ....... .......


You could see Natasha, 2 cerulean imps, 2 orcs and a kobold.

Vanquished Creatures
  A gnoll (D:1)
  2 dart slugs (D:1)
  A ribbon worm (D:2)
  An orc (D:2)
  2 bats (D:1)
  7 endoplasms
  3 giant cockroaches
  3 goblins (D:1)
  2 hobgoblins (D:1)
  3 jackals (D:1)
  4 kobolds
  3 quokkas (D:2)
  A ball python (D:1)
  2 frilled lizards
  4 rats (D:1)
39 creatures vanquished.

Notes
Turn   | Place    | Note
-------+----------+-------------------------------------------
     0 | D:1      | edsrzf the Octopode Reaver began the quest for the Orb.
     0 | D:1      | Reached XP level 1. HP: 14/14 MP: 3/3
   109 | D:1      | Reached XP level 2. HP: 19/19 MP: 5/5
   218 | D:1      | Reached XP level 3. HP: 24/24 MP: 6/6
   455 | D:1      | Reached skill level 3 in Dodging
   704 | D:2      | Reached XP level 4. HP: 12/29 MP: 7/7
   789 | D:2      | Noticed Natasha
   806 | D:2      | Reached skill level 4 in Long Blades
   808 | D:2      | Identified a potion of brilliance
   809 | D:2      | HP: 1/29 [cerulean imp/+1 spear[Natasha] (4)]
   809 | D:2      | Slain by a kobold

Illustrated notes

Levels and vault maps discovered:
D:1:      scummos_arrival_star, layout_basic, minmay_misc_feat_hallway,
          minmay_tall_x
D:2:      layout_basic, uniq_terence, uniq_natasha, uniq_crazy_yiuf_cottage

Skill      XL: |  1  2  3  4 |
---------------+-------------+-----
Dodging        | 3 |  3.2
Long Blades    | 4 |  4.0
Fighting       | |  2.0
Stealth        | |  0.2
Spellcasting   | |  2.0
Conjurations   | |  3.0

Action                     |  1- 3 |  4- 6 || total
---------------------------+-------+-------++-------
  Melee: Falchion          |    79 |     7 ||    86
         Constrict         |    21 |     2 ||    23
         Tentacles         |    13 |       ||    13
         Punch             |     2 |       ||     2
    Use: Potion            |       |     1 ||     1
   Stab: Sleeping          |     7 |       ||     7
 Armour: Skin              |    26 |    11 ||    37
  Dodge: Dodged            |    51 |    14 ||    65
